 Dungeon Crawl Stone Soup version 0.25-a0-1119-g28b6fd0c3b (webtiles) character file.

Game seed: 5696868144117694511, levelgen mode: deterministic

3130 kae the Impaler (level 9, 0/62 HPs)
             Began as a Merfolk Ice Elementalist on May 15, 2020.
             Was a Believer of Makhleb.
             Shot with an arrow by a centaur (15 damage)
             ... on level 7 of the Dungeon on May 18, 2020.
             The game lasted 00:13:28 (9264 turns).

kae the Impaler (Merfolk Ice Elementalist)          Turns: 9264, Time: 00:13:28

Health: 0/62       AC:  4    Str: 11    XL:     9   Next: 92%
Magic:  18/18      EV: 13    Int: 14    God:    Makhleb [**....]
Gold:   336        SH:  0    Dex: 15    Spells: 13/20 levels left

rFire    . . .     SeeInvis .   u - +0 halberd
rCold    . . .     Gourm    .   (shield currently unavailable)
rNeg     . . .     Faith    .   a - +0 robe
rPois    .         Spirit   .   (no helmet)
rElec    .         Reflect  .   (no cloak)
rCorr    .         Harm     .   m - +0 pair of gloves
MR       .....                  y - +0 pair of boots
Stlth    ..........             k - amulet of magic regeneration
HPRegen  0.20/turn              e - ring of attention (curse)
MPRegen  0.41/turn              h - ring of attention (curse)

@: no status effects
A: change form in water, swift swim, stealthy swim
a: Minor Destruction, Renounce Religion


You were on level 7 of the Dungeon.
You worshipped Makhleb.
Makhleb was pleased with you.
You were not hungry.

You visited 2 branches of the dungeon, and saw 8 of its levels.

You collected 336 gold pieces.

Inventory:

Hand Weapons
 i - a +1 spear
 u - a +0 halberd (weapon)
Armour
 a - a +0 robe (worn)
 m - a +0 pair of gloves (worn)
 y - a +0 pair of boots (worn)
Jewellery
 b - an uncursed ring of positive energy
 e - a cursed ring of attention (left hand)
 h - a cursed ring of attention (right hand)
 k - an amulet of magic regeneration (around neck)
 s - an uncursed ring of ice
 x - an uncursed amulet of reflection
Wands
 p - a wand of random effects (17)
 r - a wand of polymorph (5)
Scrolls
 d - 2 scrolls of identify
 g - 5 scrolls of teleportation
 j - 2 scrolls of amnesia
 w - a scroll of immolation
Potions
 f - 3 potions of might
 l - a potion of invisibility
 n - 2 potions of lignification
 o - 4 potions of curing
 q - 2 potions of stabbing
 t - 3 potions of haste
 z - a potion of flight
Comestibles
 c - 6 rations


   Skills:
 + Level 2.8 Fighting
 - Level 16.0 Polearms
 - Level 2.6 Dodging
 - Level 2.1 Stealth
 - Level 6.0 Spellcasting
 - Level 10.0 Ice Magic


You had 13 spell levels left.
You knew the following spells:

 Your Spells              Type           Power        Failure   Level  Hunger
a - Freeze                Ice            ####         1%          1    None
b - Frozen Ramparts       Ice            ####..       1%          3    ###....
c - Ozocubu's Armour      Chrm/Ice       ###.....     6%          3    ###....

Your spell library contained the following spells:

 Spells                   Type           Power        Failure   Level  Hunger
 Magic Dart               Conj           #...         16%         1    None
 Hailstorm                Conj/Ice       ###.....     21%         4    ####...
 Summon Ice Beast         Ice/Summ       ###.....     21%         4    ####...
 Searing Ray              Conj           #.....       24%         2    #......
 Confusing Touch          Hex            #.......     43%         3    ###....
 Dazzling Flash           Conj/Hex       #.....       43%         3    ###....
 Gell's Gravitas          Tloc           #.........   43%         3    ###....
 Metabolic Englaciation   Hex/Ice        ###.......   50%         5    ######.
 Fulminant Prism          Conj/Hex       #.........   83%         4    ####...
 Iskenderun's Mystic Bla  Conj/Tloc      #.......     83%         4    ####...
 Petrify                  Tmut/Erth      #.......     83%         4    ####...
 Yara's Violent Unravell  Hex/Tmut       #.........   99%         5    ######.


Dungeon Overview and Level Annotations

Branches:
Dungeon (7/15)             Temple (1/1) D:4

Altars:
Ashenzari
Cheibriados
Dithmenos
Elyvilon
Fedhas
Gozag
Hepliaklqana
Kikubaaqudgha
Makhleb
Nemelex Xobeh
Okawaru
Qazlal
Ru
Sif Muna
Trog
Uskayaw
Vehumet
Xom
Yredelemnul
Zin
The Shining One

Annotations:
D:4 Grinder
D:7 1 runed translucent door, Crazy Yiuf


Message History

You reach to attack!
You hit the gnoll shaman.
The gnoll shaman is heavily wounded.
The centaur shoots an arrow.
The arrow hits you!
The gnoll throws a boomerang.
The boomerang closely misses you.
The weapon returns to the gnoll!
The centaur shoots an arrow.
The arrow hits you!
The gnoll throws a stone.
The stone misses you.
The gnoll throws a boomerang.
The boomerang hits you.
The weapon returns to the gnoll!
Things that are here:
a stone; 2 arrows The centaur shoots an arrow.
The arrow hits you but does no damage.
The gnoll throws a stone.
The stone closely misses you.
The gnoll throws a boomerang.
The boomerang hits you.
* * * LOW HITPOINT WARNING * * *
The weapon returns to the gnoll!
The centaur shoots an arrow.
The arrow barely misses you.
You hear a shout!
Things that are here:
an arrow; 2 stones The centaur shoots an arrow.
The arrow hits you!
You die...

...'..##........##.(##........
...'..##...#..####......≈≈≈≈≈≈≈
...#####..###.####.#...≈≈......
......##.####.##...#...≈g...
......##......##.#.....≈....
......##.......#.###...≈...
......##......(.......≈≈...
...####...........(.≈≈≈....
................@(((≈gg.#
........(.......(...≈gg##
###(.....###.....(..≈g##
###....###...((....≈c#
##.#(...##...#####..≈g.#
#.)))........# #..≈...#
....<..(...### #..≈≈....
##).....#...# #...≈≈...
############ ...≈.


You could see a centaur, a gnoll shaman and 5 gnolls.

Vanquished Creatures
  2 ice beasts
  A black bear (D:6)
  2 orc warriors
  A phantom (D:7)
  Blork the orc (D:4)
  A gnoll sergeant (D:7)
  A bullfrog (D:6)
  4 scorpions
  4 crimson imps (D:6)
  A bullfrog skeleton (D:6)
  A centaur skeleton (D:4)
  2 hounds (D:7)
  2 orc priests
  3 orc wizards
  A gnoll shaman (D:7)
  Ijyb (D:4)
  Natasha (thrice) (D:3)
  2 iguanas (D:7)
  4 worker ants
  A worker ant zombie (D:7)
  9 gnolls (D:7)
  11 adders
  A river rat (D:7)
  An adder zombie (D:6)
  An adder skeleton (D:7)
  A worm (D:2)
  3 dart slugs
  4 leopard geckos
  10 orcs
  8 giant cockroaches
  13 goblins
  9 hobgoblins
  10 jackals
  8 kobolds
  2 quokkas
  7 bats
  3 frilled lizards
  A leopard gecko skeleton (D:6)
  A quokka skeleton (D:4)
  A quokka zombie (D:6)
  4 rats
146 creatures vanquished.

Notes
Turn   | Place    | Note
-------+----------+-------------------------------------------
     0 | D:1      | kae the Merfolk Ice Elementalist began the quest for the
                  | Orb.
     0 | D:1      | Reached XP level 1. HP: 13/13 MP: 3/3
     0 | D:1      | Noticed an iron dragon
     2 | D:1      | Noticed an orb of fire
     6 | D:1      | Noticed a shadow dragon
     7 | D:1      | Noticed a red draconian
     8 | D:1      | Noticed a tentacled monstrosity
    10 | D:1      | Noticed a shadow dragon
    10 | D:1      | Noticed a shadow dragon
    12 | D:1      | Noticed an iron dragon
    12 | D:1      | Noticed a shadow dragon
    14 | D:1      | Noticed a green draconian
    16 | D:1      | Noticed an ice dragon
    16 | D:1      | Noticed a large abomination
    16 | D:1      | Noticed an iron dragon
    20 | D:1      | Noticed an iron dragon
   332 | D:1      | Reached XP level 2. HP: 19/19 MP: 0/5
   535 | D:1      | Reached skill level 5 in Ice Magic
   783 | D:1      | Reached XP level 3. HP: 24/24 MP: 6/6
   795 | D:1      | You fall into a shaft and drop 1 floor!
  1357 | D:2      | You fall into a shaft and drop 1 floor!
  1672 | D:2      | Found a glowing golden altar of the Shining One.
  1766 | D:2      | Reached XP level 4. HP: 28/30 MP: 6/8
  2087 | D:3      | Noticed Natasha
  2096 | D:3      | Killed Natasha
  2199 | D:3      | Noticed Natasha
  2206 | D:3      | Killed Natasha
  2206 | D:3      | Reached XP level 5. HP: 29/35 MP: 5/9
  2851 | D:3      | Noticed Natasha
  2859 | D:3      | Killed Natasha
  3298 | D:4      | Reached XP level 6. HP: 38/41 MP: 8/11
  3365 | D:4      | Found a staircase to the Ecumenical Temple.
  3410 | D:4      | Noticed Blork the orc
  3410 | D:4      | Noticed a phantom
  3521 | D:4      | Killed Blork the orc
  3651 | D:4      | Noticed a phantom
  4270 | Temple   | Entered the Ecumenical Temple
  4470 | Temple   | Became a worshipper of Makhleb the Destroyer
  4585 | D:4      | Noticed Ijyb
  4591 | D:4      | Learned a level 3 spell: Frozen Ramparts
  4596 | D:4      | Killed Ijyb
  4893 | D:4      | Reached XP level 7. HP: 38/46 MP: 9/13
  5567 | D:5      | Entered Level 5 of the Dungeon
  5685 | D:5      | Learned a level 3 spell: Ozocubu's Armour
  5782 | D:5      | Noticed Grinder
  6001 | D:5      | Found a shattered altar of Ashenzari.
  7167 | D:6      | Reached XP level 8. HP: 49/52 MP: 13/15
  7170 | D:6      | Reached skill level 5 in Spellcasting
  7462 | D:6      | Reached * piety under Makhleb
  7837 | D:7      | Reached skill level 15 in Polearms
  7837 | D:7      | Reached XP level 9. HP: 57/57 MP: 17/17
  7910 | D:7      | Reached skill level 10 in Ice Magic
  8025 | D:7      | Reached skill level 16 in Polearms
  8152 | D:7      | Found a runed translucent door.
  8153 | D:7      | Noticed Crazy Yiuf
  8506 | D:7      | Reached skill level 1 in Fighting
  8544 | D:7      | Reached ** piety under Makhleb
  8874 | D:7      | Upgraded the game from 0.25-a0-1079-g858b6a6ff6 to
                  | 0.25-a0-1119-g28b6fd0c3b
  9264 | D:7      | Shot with an arrow by a centaur

Illustrated notes

Levels and vault maps discovered:
D:1:      shiori_arrival_whats_in_store_for_you, layout_rooms,
          minmay_crystal_room, minivault_24
D:2:      layout_basic, tso_metal_star
D:3:      layout_basic, first_ration, uniq_natasha
D:4:      layout_basic, temple_fountains, uniq_blork_the_orc, uniq_ijyb
D:5:      layout_loops_ring, overflow_temple_1_default, uniq_grinder
D:6:      layout_cave_pools, kennysheep_minor_cross
D:7:      layout_cave_pools, serial_gnoll_camp, gnoll_camp_huts_moat,
          gnoll_camp_medium_02, gnoll_camp_mini_hut, gnoll_camp_mini_hut,
          uniq_menkaure, uniq_crazy_yiuf_cottage
Temple:   roderic_octagonal_lattice_temple

Skill      XL: |  1  2  3  4  5  6  7  8  9 |
---------------+----------------------------+-----
Ice Magic      | 5 6 7 9 10 | 10.0
Spellcasting   | 3 4 5 6 |  6.0
Polearms       | 15 16 | 16.0
Fighting       | 2 |  2.8
Dodging        | |  2.6
Stealth        | |  2.1

Action                   |  1- 3 |  4- 6 |  7- 9 || total
-------------------------+-------+-------+-------++-------
Melee: Unarmed           |    13 |       |       ||    13
       Spear             |    58 |    76 |   163 ||   297
       Halberd           |       |       |    21 ||    21
 Cast: Freeze            |    34 |    56 |    84 ||   174
       Frozen Ramparts   |       |     1 |     7 ||     8
       Ozocubu's Armour  |       |       |     2 ||     2
Evoke: Wand              |       |       |     5 ||     5
  Use: Scroll            |       |     9 |    12 ||    21
       Potion            |       |     2 |     1 ||     3
 Stab: Sleeping          |     2 |     5 |       ||     7
       Distracted        |       |     1 |       ||     1
  Eat: Chunk             |     3 |    10 |     9 ||    22
       Ration            |       |       |     2 ||     2
Armor: Robe              |    21 |    17 |    45 ||    83
Dodge: Dodged            |    58 |    64 |   146 ||   268

Table legend:
 A = Non-vault XP
 B = Vault XP
 C = Vault XP percentage of total XP
 D = Non-vault monster count
 E = Vault monster count
 F = Vault count percentage of total count
                 A         B        C        D         E       F
            +---------+---------+-------+---------+---------+-------
      Total |    2247 |     520 |  18.8 |     127 |      19 |  13.0
            +---------+---------+-------+---------+---------+-------
        D:1 |      44 |       0 |   0.0 |      23 |       0 |   0.0
        D:2 |      42 |       0 |   0.0 |      15 |       0 |   0.0
        D:3 |     190 |      36 |  15.9 |      25 |       1 |   3.8
        D:4 |     317 |     136 |  30.0 |      16 |       2 |  11.1
        D:5 |     154 |       0 |   0.0 |       7 |       0 |   0.0
        D:6 |     838 |       0 |   0.0 |      21 |       0 |   0.0
        D:7 |     662 |     348 |  34.5 |      20 |      16 |  44.4
            +---------+---------+-------+---------+---------+-------
